 Dungeon Crawl Stone Soup version 0.28-a0-726-g4a9143789a (webtiles) character file.

Game seed: 8261138751935880770

46 Asher535 the Chopper (level 3, -1/33 HPs)
             Began as a Hill Orc Monk on Oct 27, 2021.
             Slain by Terence (6 damage)
             ... on level 2 of the Dungeon.
             The game lasted 00:05:26 (1402 turns).

Asher535 the Chopper (Hill Orc Monk)                Turns: 1402, Time: 00:05:27

Health: -1/33      AC: 10    Str: 13    XL:     3   Next: 66%
Magic:  3/3        EV:  3    Int: 11    God:
Gold:   84         SH:  0    Dex: 13    Spells: 2/2 levels left

rFire   . . .      SeeInvis .   a - +0 hand axe
rCold   . . .      Faith    .   (no shield)
rNeg    . . .      Spirit   .   d - +0 plate armour
rPois   .          Reflect  .   (no helmet)
rElec   .          Harm     .   (no cloak)
rCorr   .          Rampage  .   (no gloves)
Will    .....                   (no boots)
Stlth   ..........              (no amulet)
HPRegen 0.11/turn               (no ring)
MPRegen 0.08/turn               (no ring)

@: no status effects
A: no striking features
a: no special abilities


You were on level 2 of the Dungeon.
You visited 1 branch of the dungeon, and saw 2 of its levels.

You collected 84 gold pieces.

Inventory:

Hand Weapons
 a - a +0 hand axe (weapon)
 h - a +2 mace of holy wrath
Armour
 b - a +0 robe
 c - a +0 ring mail
 d - a +0 plate armour (worn)
Scrolls
 e - a scroll of teleportation {unknown}
 g - a scroll of blinking {unknown}
Potions
 f - a potion of magic
 i - a potion of might {unknown}


   Skills:
 + Level 4.2 Fighting
 + Level 4.7 Axes
 + Level 1.3 Armour
 + Level 2.6 Dodging
 + Level 1.6 Stealth


You had 2 spell levels left.
You didn't know any spells.
Your spell library was empty.

Dungeon Overview and Level Annotations

Branches:
Dungeon (2/15)

Altars:

Annotations:
D:2 Terence


Message History

You hit Terence.
Terence is heavily wounded.
Terence hits you but does no damage. x2
You barely miss Terence.
Terence is heavily wounded.
Terence hits you with a +0 mace.
You hit Terence.
Terence is heavily wounded.
A hobgoblin comes into view.
Terence hits you but does no damage.
You barely miss Terence.
Terence is heavily wounded.
Terence completely misses you.
You barely miss Terence.
Terence is heavily wounded.
Terence barely misses you.
You barely miss Terence.
Terence is heavily wounded.
Terence hits you but does no damage.
You hit Terence.
Terence is severely wounded.
Terence hits you with a +0 mace.
You closely miss Terence.
Terence is severely wounded.
Terence hits you with a +0 mace!
You hit Terence but do no damage.
Terence is severely wounded.
Terence hits you with a +0 mace.
* * * LOW HITPOINT WARNING * * *
You hit Terence but do no damage.
Terence is severely wounded.
Terence hits you but does no damage.
You barely miss Terence.
Terence is severely wounded.
Terence hits you with a +0 mace.
* * * LOW HITPOINT WARNING * * *
You hit Terence.
Terence is almost dead.
Terence hits you with a +0 mace.
You die...

# #. .#.####
.[.....
...@...
#......##
+......J#
#@# #@##
#..# ##.##
#.##..####.
#.#.........
#.#.#.####..
#####.#.#.#
........#..
.##.....##.#


You could see Terence and an endoplasm.

Vanquished Creatures
  A gnoll (D:1)
  A dart slug (D:1)
  2 endoplasms (D:1)
  3 giant cockroaches (D:1)
  4 hobgoblins (D:1)
  3 jackals (D:1)
  4 kobolds
  5 ball pythons (D:1)
  A bat (D:1)
  4 frilled lizards (D:1)
  3 goblins (D:1)
  2 rats (D:1)
33 creatures vanquished.

Vanquished Creatures (others)
  4 fungi (D:1)
  10 plants (D:1)
14 creatures vanquished.

Grand Total: 47 creatures vanquished

Notes
Turn   | Place    | Note
-------+----------+-------------------------------------------
     0 | D:1      | Asher535 the Hill Orc Monk began the quest for the Orb.
     0 | D:1      | Reached XP level 1. HP: 19/19 MP: 1/1
   245 | D:1      | Reached XP level 2. HP: 27/27 MP: 2/2
   779 | D:1      | Reached XP level 3. HP: 33/33 MP: 3/3
   793 | D:1      | Reached skill level 1 in Armour
   897 | D:1      | Found a faded altar of an unknown god.
  1381 | D:2      | Noticed Terence
  1402 | D:2      | Slain by Terence

Illustrated notes

Levels and vault maps discovered:
D:1:      psy_arrival_radial01, layout_basic,
          shapermc_ecumenical_altar_mp_ritualfount
D:2:      layout_basic, serial_shops, nicolae_shop_trees, supply_closet_lemuel,
          uniq_terence

Skill      XL: |  1  2  3 |
---------------+----------+-----
Fighting       | 4 |  4.2
Armour         | 1 |  1.3
Axes           | |  4.7
Dodging        | |  2.6
Stealth        | |  1.6

Action                   || total
-------------------------++-------
Melee: Hand axe          ||   127
  Use: Potion            ||     1
 Stab: Sleeping          ||     2
Armor: Ring mail         ||    29
       Robe              ||     1
       Plate armour      ||    35
Dodge: Dodged            ||    45

Table legend: (Time is in decaauts)
 A = Elapsed time spent in this place.
 B = Non-inter-level travel time spent in this place.
 C = Inter-level travel time spent in this place.
 D = Time resting spent in this place.
 E = Time spent auto-exploring this place.
 F = Levels seen in this place.
 G = Mean time per level.
                   A        B        C        D        E       F      G
               +--------+--------+--------+--------+--------+-----+--------+
         Total |   1412 |   1412 |      0 |    433 |    356 |   2 |  706.0 |
       Dungeon |   1412 |   1412 |      0 |    433 |    356 |   2 |  706.0 |
               +--------+--------+--------+--------+--------+-----+--------+

Top non-repeatable levels by time:
     D:1: 1317 daAuts
     D:2: 95 daAuts
